 Dungeon Crawl Stone Soup version 0.26.1-11-gd32895ea62 (webtiles) character file.

Game seed: 16288950837904002085

37 Ijustatesigmund the Skirmisher (level 3, -2/26 HPs)
             Began as an Octopode Fighter on July 1, 2021.
             Killed by divine providence
             ... invoked by an orc priest
              (12 damage)
             ... on level 3 of the Dungeon.
             The game lasted 00:01:31 (1371 turns).

Ijustatesigmund the Skirmisher (Octopode Fighter)   Turns: 1371, Time: 00:01:32

Health: -2/26      AC:  1    Str: 15    XL:     3   Next: 39%
Magic:  3/3        EV: 11    Int: 10    God:
Gold:   150        SH:  8    Dex: 12    Spells: 2/2 levels left

rFire    . . .     SeeInvis .   a - +0 war axe
rCold    . . .     Faith    .   b - +0 kite shield
rNeg     . . .     Spirit   .   (helmet restricted)
rPois    .         Reflect  .   f - amulet of regeneration
rElec    .         Harm     .   (no ring)
rCorr    .         Rampage  .   (no ring)
Will     .....                  (no ring)
Stlth    ++........             (no ring)
HPRegen  0.48/turn              (no ring)
MPRegen  0.08/turn              (no ring)
                                (no ring)
                                (no ring)

@: no status effects
A: almost no armour, stealthy swim, amphibious, 8 rings, constrict 8, camouflage
1, gelatinous body 1
a: no special abilities


You were on level 3 of the Dungeon.
You visited 1 branch of the dungeon, and saw 3 of its levels.

You collected 150 gold pieces.

Inventory:

Hand Weapons
 a - a +0 war axe (weapon)
Armour
 b - a +0 kite shield (worn)
Jewellery
 f - an amulet of regeneration (around mantle)
 n - an uncursed ring of fire {unknown}
Scrolls
 d - 3 scrolls of identify {unknown}
 e - a scroll of magic mapping {unknown}
 g - a scroll of enchant weapon {unknown}
 l - a scroll of random uselessness {unknown}
 m - 2 scrolls of teleportation {unknown}
 p - a scroll of enchant armour {unknown}
Potions
 c - a potion of might
 h - 2 potions of berserk rage {unknown}
 i - 2 potions of flight {unknown}
 j - a potion of degeneration {unknown}
 k - a potion of invisibility {unknown}
 o - a potion of heal wounds {unknown}
 q - a potion of curing {unknown}


   Skills:
 + Level 3.4 Fighting
 * Level 3.2 Axes
 - Level 3.0 Dodging
 - Level 3.0 Shields


You had 2 spell levels left.
You didn't know any spells.
Your spell library was empty.

Dungeon Overview and Level Annotations

Branches:
Dungeon (3/15)

Altars:


Innate Abilities, Weirdness & Mutations

You cannot wear most types of armour.
You are very stealthy in the water. (Stealth+)
You are amphibious.
You can wear up to eight rings at the same time.
You can use your tentacles to constrict eight enemies at once.
Your skin changes colour to match your surroundings (Stealth+).
Your rubbery body absorbs attacks. (AC +1, EV +1)


Message History

An orc comes into view. It is wielding a +0 flail.
The orc shouts!
An orc priest comes into view.
An orc comes into view. It is wielding a +0 hand axe.
An orc comes into view.
The orc shouts!
The orc hits you with a +0 flail.
You closely miss the orc.
The orc shouts!
The orc priest shouts!
Your grab misses the orc. Your squeeze misses the orc.
The orc closely misses you.
You hit the orc. Your grab misses the orc. Your squeeze misses the orc.
The orc is almost dead.
The orc priest calls down the wrath of Beogh upon you.
Beogh smites you!
Ouch! That really hurt!
The orc barely misses you.
The orc priest invokes the aid of Beogh against you.
Beogh smites you!
You die...

## ... ....
..... ###
...o.o####<#
......o@...#
......o....#
..........##
..........+
..........#
#####.....#
#.....#
#......


You could see an orc priest and 3 orcs.

Vanquished Creatures
  2 dart slugs (D:1)
  A ball python (D:1)
  6 bats
  A giant cockroach (D:1)
  3 goblins
  3 hobgoblins
  6 kobolds
  A quokka (D:2)
  4 frilled lizards
  5 rats (D:1)
32 creatures vanquished.

Notes
Turn   | Place    | Note
-------+----------+-------------------------------------------
     0 | D:1      | Ijustatesigmund the Octopode Fighter began the quest for
                  | the Orb.
     0 | D:1      | Reached XP level 1. HP: 16/16 MP: 1/1
   167 | D:1      | Reached XP level 2. HP: 19/21 MP: 2/2
   464 | D:1      | Reached XP level 3. HP: 23/26 MP: 3/3
  1059 | D:2      | Found a faded altar of an unknown god.
  1371 | D:3      | Killed from afar by an orc priest

Illustrated notes

Levels and vault maps discovered:
D:1:      saegor_arrival_simple_a, layout_loops_cross
D:2:      layout_rooms, chequers_ecumenical_altar_lobes, serial_rivers,
          chequers_serial_rivers_micro_a, chequers_serial_rivers_micro_a,
          chequers_serial_rivers_micro_e, chequers_serial_rivers_room_b,
          chequers_serial_rivers_micro_d, chequers_serial_rivers_micro_e,
          palyth_stone_intersect, minmay_tromino_v2
D:3:      layout_basic, nzn_wu_jian_council_hall

Skill      XL: |  1  2 |
---------------+-------+-----
Axes           | 3 |  3.2
Fighting       | |  3.4
Dodging        | |  3.0
Shields        | |  3.0

Action                   || total
-------------------------++-------
Melee: War axe           ||    54
       Constrict         ||    17
       Tentacles         ||     2
 Stab: Sleeping          ||     6
Armor: Skin              ||    11
Dodge: Dodged            ||    23
Block: Kite shield       ||    26
